A - U25
CEDAR RAPIDS HAYMAKERS @ MADISON MUSKIES
05/13/2053
 
TOP OF THE 1ST
Ames Sod Poodles batting - Pitching for Fort Wayne TinCaps : RHP Dalmacio Gutiérrez
Pitching: RHP Dalmacio Gutiérrez
Batting: RHB Jake Wichmann 0-0: Ball
1-0: Called Strike
1-1: Bunt missed!
1-2: Ball
2-2: Strikes out looking
Batting: SHB Riley Knotts 0-0: Foul Ball, location: 2F
0-1: Ball
1-1: Ball
2-1: Swinging Strike
2-2: Reached on error, E5 (Groundball, 15, EV 85.0 MPH)
Batting: LHB Shannon Pepe 0-0: Foul Ball, location: 2F
0-1: Called Strike
0-2: Ball
1-2: Ball
2-2: Ground out U3 (Groundball, 3S, EV 64.4 MPH)
Riley Knotts to third
Batting: RHB Rowdy Godinez 0-0: Ball
1-0: Swinging Strike
1-1: Swinging Strike
1-2: Strikes out swinging
Top of the 1st over - 0 runs, 0 hits, 1 error, 1 left on base; Ames 0 - Fort Wayne 0
BOTTOM OF THE 1ST
Fort Wayne TinCaps batting - Pitching for Ames Sod Poodles : RHP Auther Stuehm
Pitching: RHP Auther Stuehm
Batting: RHB Miguel Campos 0-0: Swinging Strike
0-1: Swinging Strike
0-2: Ball
1-2: Foul Ball, location: 2F
1-2: Foul Ball, location: 2F
1-2: Ball
2-2: Strikes out looking
Batting: RHB Calbert Weldon 0-0: Called Strike
0-1: Called Strike
0-2: Foul Ball, location: 2F
0-2: Foul Ball, location: 2F
0-2: Strikes out looking
Batting: RHB Sage Lewis 0-0: Ground out 5-3 (Groundball, 5S, EV 83.1 MPH)
Bottom of the 1st over - 0 runs, 0 hits, 0 errors, 0 left on base; Ames 0 - Fort Wayne 0
TOP OF THE 2ND
Ames Sod Poodles batting - Pitching for Fort Wayne TinCaps : RHP Dalmacio Gutiérrez
Batting: RHB B.J. Trempe 0-0: SINGLE (Line Drive, 34D, EV 94.4 MPH)
Batting: RHB Alfonso Aguila 0-0: Called Strike
0-1: Ball
1-1: Fly out, F7 (Flyball, 7, EV 93.8 MPH)
Batting: RHB Ryan Trenary 0-0: Called Strike
0-1: Ball
1-1: Foul Ball, location: 2F
1-2: Strikes out swinging
Batting: SHB Arbert Reinosa 0-0: Fly out, F4 (Line Drive, 4D, EV 68.1 MPH)
Top of the 2nd over - 0 runs, 1 hit, 0 errors, 1 left on base; Ames 0 - Fort Wayne 0
BOTTOM OF THE 2ND
Fort Wayne TinCaps batting - Pitching for Ames Sod Poodles : RHP Auther Stuehm
Batting: LHB Ansley Toth 0-0: Called Strike
0-1: Ball
1-1: Ball
2-1: Foul Ball, location: 2F
2-2: Foul Ball, location: 2F
2-2: Ball
3-2: Strikes out looking
Batting: RHB Salvador Caban 0-0: Ball
1-0: Ball
2-0: Called Strike
2-1: Ball
3-1: Called Strike
3-2: Fly out, F8 (Flyball, 78XD, EV 109.4 MPH)
Batting: LHB Neil Whitfield 0-0: Swinging Strike
0-1: SOLO HOME RUN (Flyball, 7LD, EV 91.9 MPH), Distance : 328 ft
Batting: RHB Jake Harrington 0-0: Ball
1-0: Called Strike
1-1: Foul Ball, location: 2F
1-2: Strikes out looking
Bottom of the 2nd over - 1 run, 1 hit, 0 errors, 0 left on base; Ames 0 - Fort Wayne 1
TOP OF THE 3RD
Ames Sod Poodles batting - Pitching for Fort Wayne TinCaps : RHP Dalmacio Gutiérrez
Batting: SHB Brayden Russo 0-0: Ball
1-0: Foul Ball, location: 2F
1-1: DOUBLE (Flyball, 89D, EV 104.4 MPH)
Batting: RHB Jake Wichmann 0-0: Called Strike
0-1: Foul Ball, location: 2F
0-2: Foul Ball, location: 2F
0-2: Ball
1-2: Ball
2-2: Ball
3-2: Base on Balls
Batting: SHB Riley Knotts 0-0: Called Strike
0-1: Ball
1-1: Ball
2-1: Foul Ball, location: 2F
2-2: Strikes out swinging
Batting: LHB Shannon Pepe 0-0: Called Strike
0-1: Ball
1-1: Swinging Strike
1-2: Ball
2-2: Strikes out swinging
Batting: RHB Rowdy Godinez 0-0: Ball
1-0: Ball
2-0: Ball
3-0: Called Strike
3-1: Swinging Strike
3-2: Base on Balls
Brayden Russo to third
Jake Wichmann to second
Batting: RHB B.J. Trempe 0-0: Called Strike
0-1: Called Strike
0-2: Foul Ball, location: 2F
0-2: Strikes out swinging
Top of the 3rd over - 0 runs, 1 hit, 0 errors, 3 left on base; Ames 0 - Fort Wayne 1
BOTTOM OF THE 3RD
Fort Wayne TinCaps batting - Pitching for Ames Sod Poodles : RHP Auther Stuehm
Batting: RHB Gael Bojorquez 0-0: Called Strike
0-1: Ball
1-1: Foul Ball, location: 2F
1-2: Strikes out swinging
Batting: RHB Oscar Lujan 0-0: Called Strike
0-1: Ball
1-1: Swinging Strike
1-2: Foul Ball, location: 2F
1-2: Ball
2-2: Strikes out swinging
Batting: RHB Miguel Campos 0-0: DOUBLE (Groundball, 5L, EV 107.5 MPH)
Batting: RHB Calbert Weldon 0-0: Called Strike
0-1: Ball
1-1: SINGLE (Groundball, 6D, EV 106.9 MPH)
Miguel Campos to third
Runner from 3rd tries for Home, SAFE, throw by CF to home
Batting: RHB Sage Lewis 0-0: Ball
1-0: Swinging Strike
1-1: Swinging Strike
1-2: Strikes out looking
Bottom of the 3rd over - 1 run, 2 hits, 0 errors, 1 left on base; Ames 0 - Fort Wayne 2
TOP OF THE 4TH
Ames Sod Poodles batting - Pitching for Fort Wayne TinCaps : RHP Dalmacio Gutiérrez
Batting: RHB Alfonso Aguila 0-0: Ball
1-0: Called Strike
1-1: Fly out, F6 (Popup, 6MD, EV 67.5 MPH)
Batting: RHB Ryan Trenary 0-0: Foul Ball, location: 2F
0-1: Fly out, F8 (Flyball, 8LD, EV 101.9 MPH)
Batting: SHB Arbert Reinosa 0-0: Called Strike
0-1: Ball
1-1: Foul Ball, location: 2F
1-2: Ball
2-2: Ball
3-2: Base on Balls
Batting: SHB Brayden Russo 0-0: Ball
1-0: Ball
2-0: Called Strike
2-1: Foul Ball, location: 2F
2-2: Ball
3-2: Strikes out swinging
Top of the 4th over - 0 runs, 0 hits, 0 errors, 1 left on base; Ames 0 - Fort Wayne 2
BOTTOM OF THE 4TH
Fort Wayne TinCaps batting - Pitching for Ames Sod Poodles : RHP Auther Stuehm
Batting: LHB Ansley Toth 0-0: Ball
1-0: Foul Ball, location: 2F
1-1: Ball
2-1: Foul Ball, location: 2F
2-2: Foul Ball, location: 2F
2-2: Strikes out swinging
Batting: RHB Salvador Caban 0-0: Ball
1-0: Fly out, F9 (Flyball, 9, EV 88.1 MPH)
Batting: LHB Neil Whitfield 0-0: Ground out 4-3 (Groundball, 34, EV 84.4 MPH)
Bottom of the 4th over - 0 runs, 0 hits, 0 errors, 0 left on base; Ames 0 - Fort Wayne 2
TOP OF THE 5TH
Ames Sod Poodles batting - Pitching for Fort Wayne TinCaps : RHP Dalmacio Gutiérrez
Batting: RHB Jake Wichmann 0-0: Ball
1-0: Called Strike
1-1: Foul Ball, location: 2F
1-2: Ball
2-2: DOUBLE (Line Drive, 78XD, EV 97.5 MPH)
Batting: SHB Riley Knotts 0-0: Foul Ball, location: 2F
0-1: Ball
1-1: SINGLE (Groundball, 4D, EV 95.0 MPH)
Jake Wichmann to third
Runner from 3rd tries for Home, SAFE, throw by RF to home
Riley Knotts to second
Batting: LHB Shannon Pepe 0-0: Ball
1-0: Ball
2-0: Foul Ball, location: 2F
2-1: Ground out 3-1 (Groundball, 34S, EV 83.8 MPH)
Riley Knotts to third
Batting: RHB Rowdy Godinez 0-0: Called Strike
0-1: Called Strike
0-2: Ball
1-2: Foul Ball, location: 2F
1-2: Strikes out swinging
Pitching: RHP Ethan Nall
Batting: RHB B.J. Trempe 0-0: Ball
1-0: Called Strike
1-1: Ball
2-1: Called Strike
2-2: Ball
3-2: Ground out 4-3 (Groundball, 4M, EV 107.5 MPH)
Top of the 5th over - 1 run, 2 hits, 0 errors, 1 left on base; Ames 1 - Fort Wayne 2
BOTTOM OF THE 5TH
Fort Wayne TinCaps batting - Pitching for Ames Sod Poodles : RHP Auther Stuehm
Batting: RHB Jake Harrington 0-0: Reached on error, E5 (Groundball, 5, EV 83.8 MPH)
Batting: RHB Gael Bojorquez 0-0: Foul Ball, location: 2F
0-1: Ball
1-1: Called Strike
1-2: Fly out, F8 (Flyball, 8LD, EV 94.4 MPH)
Batting: RHB Oscar Lujan 0-0: Fly out, F9 (Line Drive, 89D, EV 87.5 MPH)
Batting: RHB Miguel Campos 0-0: Called Strike
0-1: Ball
1-1: Called Strike
1-2: Strikes out swinging
Bottom of the 5th over - 0 runs, 0 hits, 1 error, 1 left on base; Ames 1 - Fort Wayne 2
TOP OF THE 6TH
Ames Sod Poodles batting - Pitching for Fort Wayne TinCaps : RHP Ethan Nall
Batting: RHB Alfonso Aguila 0-0: Foul Ball, location: 2F
0-1: Ball
1-1: Ground out 6-3 (Groundball, 6S, EV 83.8 MPH)
Batting: RHB Ryan Trenary 0-0: Called Strike
0-1: SOLO HOME RUN (Flyball, 7LD, EV 94.4 MPH), Distance : 348 ft
Batting: SHB Arbert Reinosa 0-0: Ball
1-0: Foul Ball, location: 2F
1-1: Ground out 5-3 (Groundball, 5L, EV 80.0 MPH)
Batting: SHB Brayden Russo 0-0: Called Strike
0-1: Foul Ball, location: 2F
0-2: Ball
1-2: Foul Ball, location: 2F
1-2: Ball
2-2: Ball
3-2: Foul Ball, location: 2F
3-2: Base on Balls
Batting: RHB Jake Wichmann 0-0: Ground out 4-3 (Groundball, 4, EV 88.1 MPH)
Top of the 6th over - 1 run, 1 hit, 0 errors, 1 left on base; Ames 2 - Fort Wayne 2
BOTTOM OF THE 6TH
Fort Wayne TinCaps batting - Pitching for Ames Sod Poodles : RHP Auther Stuehm
Batting: RHB Calbert Weldon 0-0: Called Strike
0-1: Ball
1-1: Ball
2-1: SINGLE (Line Drive, 9S, EV 103.8 MPH)
Batting: RHB Sage Lewis 0-0: Foul Ball, location: 2F
0-1: Called Strike
0-2: Ball
1-2: Ball
2-2: Foul Ball, location: 2F
2-2: Fly out, F7 (Flyball, 7LM, EV 85.0 MPH)
Batting: LHB Ansley Toth 0-0: Ball
1-0: Called Strike
1-1: SINGLE (Flyball, 89S, EV 90.6 MPH)
Calbert Weldon to second
Batting: RHB Salvador Caban 0-0: Ball
1-0: Ball
2-0: Called Strike
2-1: Foul Ball, location: 2F
2-2: Fielders Choice at 2nd, 3-6 (Groundball, 34, EV 78.1 MPH)
Calbert Weldon to third
Batting: LHB Neil Whitfield 0-0: Called Strike
0-1: Fielders Choice at 2nd, 5-4 (Groundball, 5, EV 75.6 MPH)
Bottom of the 6th over - 0 runs, 2 hits, 0 errors, 2 left on base; Ames 2 - Fort Wayne 2
TOP OF THE 7TH
Ames Sod Poodles batting - Pitching for Fort Wayne TinCaps : RHP Ethan Nall
Batting: SHB Riley Knotts 0-0: Ball
1-0: Called Strike
1-1: Called Strike
1-2: Ball
2-2: Strikes out swinging
Pitching: LHP Paul Froman
Batting: RHB Roldan Aguilar 0-0: Ball
1-0: Foul Ball, location: 2F
1-1: Swinging Strike
1-2: Foul Ball, location: 2F
1-2: DOUBLE (Flyball, 8LXD, EV 110.6 MPH)
Pitching: RHP Gonzalo Chinchilla
Batting: RHB Rowdy Godinez 0-0: Ball
1-0: Ball
2-0: Fly out, F9 (Flyball, 89S, EV 73.1 MPH)
Batting: RHB B.J. Trempe 0-0: Foul Ball, location: 2F
0-1: Ball
1-1: Swinging Strike
1-2: Strikes out swinging
Top of the 7th over - 0 runs, 1 hit, 0 errors, 1 left on base; Ames 2 - Fort Wayne 2
BOTTOM OF THE 7TH
Fort Wayne TinCaps batting - Pitching for Ames Sod Poodles : RHP Auther Stuehm
Batting: RHB Jake Harrington 0-0: Called Strike
0-1: Ball
1-1: Ball
2-1: Ball
3-1: Base on Balls
Batting: RHB Gael Bojorquez 0-0: Sac Bunt to 13 - play at second, runner OUT! 1-6
Batting: RHB Oscar Lujan 0-0: Foul Ball, location: 2F
0-1: Foul Ball, location: 2F
0-2: Ball
1-2: Ball
2-2: Ball
3-2: Foul Ball, location: 2F
3-2: Fly out, F7 (Flyball, 78S, EV 84.4 MPH)
Pitching: RHP Julio Daniel Alvarado
Pinch Hitting: LHB Cole Goggans 0-0: Called Strike
0-1: SINGLE (Groundball, 6MD, EV 105.0 MPH)
Gael Bojorquez to second
Runner from 2nd tries for 3rd, SAFE, no throw by CF
Batting: RHB Calbert Weldon 0-0: Ball
1-0: Foul Ball, location: 2F
1-1: Called Strike
1-2: Ball
2-2: Strikes out swinging
Bottom of the 7th over - 0 runs, 1 hit, 0 errors, 2 left on base; Ames 2 - Fort Wayne 2
TOP OF THE 8TH
Ames Sod Poodles batting - Pitching for Fort Wayne TinCaps : RHP Gonzalo Chinchilla
Now at 2B: Wagner Hoff
Batting: RHB Alfonso Aguila 0-0: Called Strike
0-1: Called Strike
0-2: Ball
1-2: Ground out 1-3 (Groundball, 13S, EV 66.2 MPH)
Batting: RHB Ryan Trenary 0-0: Ball
1-0: Ball
2-0: Ball
3-0: Called Strike
3-1: Base on Balls
Batting: SHB Arbert Reinosa 0-0: Bunt - Flyout to 25! F5
Batting: SHB Brayden Russo 0-0: Ball
1-0: Called Strike
1-1: Foul Ball, location: 2F
1-2: Ball
2-2: Ball
3-2: Base on Balls
Ryan Trenary to second
Batting: RHB Jake Wichmann 0-0: Ball
1-0: Ball
2-0: Foul Ball, location: 2F
2-1: Ball
3-1: Base on Balls
Ryan Trenary to third
Brayden Russo to second
Batting: SHB Riley Knotts 0-0: Fly out, F7 (Line Drive, 78M, EV 87.5 MPH)
Top of the 8th over - 0 runs, 0 hits, 0 errors, 3 left on base; Ames 2 - Fort Wayne 2
BOTTOM OF THE 8TH
Fort Wayne TinCaps batting - Pitching for Ames Sod Poodles : RHP Julio Daniel Alvarado
Batting: RHB Sage Lewis 0-0: Swinging Strike
0-1: Swinging Strike
0-2: Foul Ball, location: 2F
0-2: Ball
1-2: SINGLE (Groundball, 4MD, EV 100.6 MPH)
Batting: LHB Ansley Toth 0-0: Ball
1-0: Called Strike
1-1: Foul Ball, location: 2F
1-2: Ball
2-2: Fly out, F7 (Flyball, 7, EV 94.4 MPH)
Batting: RHB Salvador Caban 0-0: Ball
1-0: Ball
2-0: Called Strike
2-1: Foul Ball, location: 2F
2-2: Strikes out swinging
Batting: LHB Neil Whitfield 0-0: Ball
1-0: Ball
2-0: Called Strike
2-1: Ball
3-1: Base on Balls
Sage Lewis to second
Batting: RHB Jake Harrington 0-0: Called Strike
0-1: Swinging Strike
0-2: Foul Ball, location: 2F
0-2: Foul Ball, location: 2F
0-2: Foul Ball, location: 2F
0-2: Fly out, F3 (Popup, 23F, EV 88.8 MPH)
Bottom of the 8th over - 0 runs, 1 hit, 0 errors, 2 left on base; Ames 2 - Fort Wayne 2
TOP OF THE 9TH
Ames Sod Poodles batting - Pitching for Fort Wayne TinCaps : RHP Gonzalo Chinchilla
Batting: RHB Roldan Aguilar 0-0: SINGLE (Line Drive, 8LS, EV 95.0 MPH)
Batting: RHB Rowdy Godinez 0-0: Called Strike
0-1: Ball
1-1: Ball
2-1: Ball
3-1: Called Strike
3-2: SINGLE (Flyball, 6MD, EV 90.0 MPH)
Roldan Aguilar to second
Batting: RHB B.J. Trempe 0-0: Called Strike
0-1: Swinging Strike
0-2: Ball
1-2: Strikes out swinging
Pitching: RHP Madesio De Los Santos
Batting: RHB Alfonso Aguila 0-0: Called Strike
0-1: Called Strike
0-2: Grounds into double play, 4-6-3 (Groundball, 4, EV 83.8 MPH)
Top of the 9th over - 0 runs, 2 hits, 0 errors, 1 left on base; Ames 2 - Fort Wayne 2
BOTTOM OF THE 9TH
Fort Wayne TinCaps batting - Pitching for Ames Sod Poodles : RHP Julio Daniel Alvarado
Batting: RHB Gael Bojorquez 0-0: Foul Ball, location: 2F
0-1: Ball
1-1: SINGLE (Line Drive, 78S, EV 103.1 MPH)
Pitching: RHP Stewie Genie
Batting: RHB Oscar Lujan 0-0: Ball
1-0: Ball
2-0: Ball
3-0: Called Strike
3-1: Foul Ball, location: 2F
3-2: Foul Ball, location: 2F
3-2: Fly out, F8 (Flyball, 8LM, EV 73.8 MPH)
Batting: SHB Wagner Hoff 0-0: Foul Ball, location: 2F
0-1: Ball
1-1: Fly out, F8 (Flyball, 8LXD, EV 95.0 MPH)
Runner from 1st tags up, SAFE at 2nd
Batting: RHB Calbert Weldon 0-0: Swinging Strike
0-1: SINGLE (Line Drive, 8RS, EV 88.1 MPH)
Gael Bojorquez to third
Runner from 3rd tries for Home, SAFE, throw by CF to home
Bottom of the 9th over - 1 run, 2 hits, 0 errors, 1 left on base; Ames 2 - Fort Wayne 3
Saturday, May 25th , 2024 - OOTP Baseball 25.4 Build 64